 Dungeon Sprint DCSS version 0.26.1-2-gb8aa6d0cf2 (webtiles) character file.

Game seed: 2867436833236324907

10976 Groucho the Spry (level 11, -2/60 HPs)
             Began as a Spriggan Enchanter on Feb 13, 2021.
             Was a High Priest of Dithmenos.
             Slain by a great orb of eyes (18 damage)
             ... in the Dungeon (Sprint II: "The Violet Keep of Menkaure").
             The game lasted 00:13:22 (2237 turns).

Groucho the Spry (Spriggan Enchanter)               Turns: 2237, Time: 00:13:22

Health: -2/60      AC:  2    Str:  7    XL:     11   Next: 43%
Magic:  0/31       EV: 32    Int: 17    God:    Dithmenos [*****.]
Gold:   392        SH:  0    Dex: 17    Spells: 29/41 levels left

rFire    . . .     SeeInvis +   a - +1 dagger
rCold    + . .     Faith    .   (shield restricted)
rNeg     . . .     Spirit   .   c - +0 robe {rC+}
rPois    .         Reflect  .   (helmet restricted)
rElec    .         Harm     .   (no cloak)
rCorr    .         Rampage  .   (gloves unavailable)
Will     +....     NoTele   +   (boots unavailable) Stlth **++++++++
                                (no amulet)
HPRegen  0.20/turn              n - ring of stealth
MPRegen  0.22/turn              (no ring)

@: confusing touch, wreathed by umbra, very quick
A: very small, unfitting armour, see invisible, speed 3
a: Renounce Religion, Shadow Step, Shadow Form


You were in the Dungeon.
You worshipped Dithmenos.
Dithmenos was extremely pleased with you.
You visited 1 branch You collected 1341 gold pieces.
You spent 949 gold pieces at shops.

Inventory:

Hand Weapons
 a - a +1 dagger (weapon)
 x - a +0 dagger of venom
Armour
 c - a +0 robe of cold resistance (worn)
Jewellery
 n - a ring of stealth (left hand)
 p - a +4 ring of slaying {unknown}
 s - an uncursed amulet of reflection {unknown}
 v - an uncursed ring of fire {unknown}
Scrolls
 b - 3 scrolls of immolation
 d - 2 scrolls of amnesia
 e - 3 scrolls of fog
 h - a scroll of vulnerability
 i - 4 scrolls of magic mapping
 j - a scroll of enchant armour
 k - 5 scrolls of identify
 l - 2 scrolls of enchant weapon
 m - 5 scrolls of remove curse
Potions
 f - 2 potions of haste
 g - 6 potions of magic
 o - 4 potions of flight
 q - a potion of mutation {unknown}
 r - a potion of curing
 t - 3 potions of resistance {unknown}
 u - a potion of berserk rage
 w - 2 potions of attraction {unknown}


   Skills:
 + Level 8.2 Fighting
 + Level 13.7 Short Blades
 + Level 17.3 Dodging
 - Level 15.0 Stealth
 + Level 15.7 Spellcasting
 - Level 14.0 Hexes


You had 29 spell levels left.
You knew the following spells:

 Your Spells              Type           Power        Failure   Level
a - Corona                Hex            63%          0%          1
b - Ensorcelled Hibernat  Hex/Ice        74%          1%          2
c - Confusing Touch       Hex            57%          1%          3
d - Tukima's Dance        Hex            57%          1%          3
e - Dazzling Flash        Conj/Hex       74%          1%          3

Your spell library contained the following spells:

 Spells                   Type           Power        Failure   Level


Dungeon Overview and Level Annotations

Branches:
Dungeon (1/1)

Altars:
Cheibriados
Dithmenos
Elyvilon
Fedhas
Gozag
Hepliaklqana
Kikubaaqudgha
Makhleb
Nemelex Xobeh
Okawaru
Qazlal
Ru
Sif Muna
Trog
Uskayaw
Vehumet
Wu Jian
Xom
Yredelemnul
Zin
The Shining One
Beogh
Jiyva
Lugonu

Shops:
D ?:![!=}:?=*([[(

Annotations:
D exclusion: oklob plant


Innate Abilities, Weirdness & Mutations

You are very small and have problems with some larger weapons.
You are too small for most types of armour.
You have supernaturally acute eyesight. (SInv)
You cover ground extremely quickly.


Message History

An arrow hits the black bear!
The great orb of eyes bites you!
* * * LOW HITPOINT WARNING * * *
You hit the great orb of eyes but do no damage.
The black bear bites you.
* * * LOW HITPOINT WARNING * * *
The black bear completely misses you. x2
Unknown command.
You see here a hand crossbow.
Casting: Confusing Touch (safe; 1% risk of failure)
Confirm with . or Enter, or press ? or * to list all spells.
Okay, then.
Casting: Confusing Touch (safe; 1% risk of failure)
Confirm with . or Enter, or press ? or * to list all spells.
The great orb of eyes completely misses you.
Unknown command.
Unknown command.
Casting: Dazzling Flash (safe; 1% risk of failure)
Confirm with . or Enter, or press ? or * to list all spells.
The black bear is dazzled.
The great orb of eyes bites you!!
You die...

# §§ ##§.§.###E#.○.▓▓▓▓▓▓▓▓▓ ##
≈≈ #)≈..J..#.#..°▓≈≈≈≈≈≈≈≈ ≈#+++#
####^.J.#.##|)▓▓▓▓▓▓▓▓▓ ≈..... ..
#..'..GD#..#°:▓..(.)[.)
≈≈.##+##..#..####h#..#:|▓..)[[)).
≈≈##.#.##.####..F.##.#[[▓.....)).
≈≈#..#.÷# ...#..#h..####▓..((.)((
####...####..#####..##)#▓.[......
#.###'###†##..#.@Gh.#..#▓.)[.))).
#..##.##.#.#..#..#^^#..#▓.[)(.[(.
.##÷.<.'###'..####..##.#▓...).)..
#..##.##.#.#....###...##▓▓▓▓▓▓▓'▓
#.###'###†##......≈≈≈S≈≈≈≈≈≈≈≈≈..
####...####≈≈.....§#'########'###
≈≈#.)#..#≈≈§≈≈≈≈..≈#.._.....#≈§≈#
#≈##...##≈≈≈≈≈≈§§.≈#._._....#≈§≈§
≈≈##+##≈≈§≈≈≈≈≈≈≈≈#_._._...#§§§≈


You could see a great orb of eyes, a water moccasin (wandering) and a black bear
(confused, blind).

Vanquished Creatures
  A deep elf master archer (D)
  A crystal guardian (D)
  An ice dragon (D)
  An iron elemental (D)
  2 unseen horrors (D)
  2 death drakes (D)
  3 shining eyes (D)
  A merfolk siren (D)
  2 cane toads (D)
  A yaktaur (D)
  3 polar bears (D)
  A hornet (D)
  2 slime creatures (D)
  3 yaks (D)
  2 wyverns (D)
  Menkaure (D)
  2 water moccasins (D)
  2 swamp drakes (D)
  4 necrophages (D)
  A black bear (D)
  4 worker ants (D)
40 creatures vanquished.

Vanquished Creatures (others)
  A water moccasin (D)
  8 tentacles (D)
9 creatures vanquished.

Grand Total: 49 creatures vanquished

Notes
Turn   | Place    | Note
-------+----------+-------------------------------------------
     0 | D        | Groucho the Spriggan Enchanter began the quest for the Orb.
     0 | D        | Reached XP level 1. HP: 9/9 MP: 5/5
     1 | D        | Noticed a merfolk siren
     5 | D        | Noticed a worker ant
     5 | D        | Noticed a worker ant
     5 | D        | Noticed a worker ant
     5 | D        | Noticed a worker ant
     9 | D        | Killed a worker ant
    10 | D        | Reached skill level 4 in Dodging
    10 | D        | Reached skill level 5 in Stealth
    10 | D        | Reached XP level 2. HP: 9/13 MP: 6/8
    18 | D        | Reached skill level 5 in Dodging
    18 | D        | Reached skill level 5 in Hexes
    18 | D        | Reached XP level 3. HP: 16/16 MP: 7/10
    25 | D        | Reached skill level 5 in Spellcasting
    25 | D        | Reached XP level 4. HP: 8/21 MP: 9/12
    30 | D        | Reached skill level 6 in Dodging
    63 | D        | Killed a water moccasin
   263 | D        | Learned a level 2 spell: Ensorcelled Hibernation
   267 | D        | Learned a level 3 spell: Confusing Touch
   271 | D        | Learned a level 3 spell: Tukima's Dance
   275 | D        | Learned a level 3 spell: Dazzling Flash
   277 | D        | Noticed a necrophage
   277 | D        | Noticed a necrophage
   277 | D        | Noticed a necrophage
   277 | D        | Noticed a necrophage
   308 | D        | Killed a necrophage
   309 | D        | Reached skill level 10 in Stealth
   309 | D        | Reached XP level 5. HP: 12/24 MP: 9/15
   318 | D        | Killed a necrophage
   319 | D        | Reached XP level 6. HP: 7/28 MP: 7/17
   764 | D        | Reached skill level 5 in Short Blades
   764 | D        | Reached skill level 7 in Dodging
  1019 | D        | Noticed a wyvern
  1019 | D        | Noticed a wyvern
  1025 | D        | Killed a wyvern
  1026 | D        | Reached skill level 8 in Dodging
  1026 | D        | Reached XP level 7. HP: 32/32 MP: 12/20
  1028 | D        | Killed a wyvern
  1029 | D        | Reached skill level 9 in Dodging
  1045 | D        | Killed a merfolk siren
  1046 | D        | Reached skill level 10 in Dodging
  1046 | D        | Reached skill level 10 in Spellcasting
  1046 | D        | Reached skill level 10 in Hexes
  1046 | D        | Reached XP level 8. HP: 36/36 MP: 15/23
  1065 | D        | Found Unidupar's General Store.
  1065 | D        | Found Ugaadi's Antique Armour Shop.
  1065 | D        | Found Wearr's Magic Scroll Boutique.
  1065 | D        | Found Weytt's Weapon Shop.
  1065 | D        | Found Erigeu's Jewellery Boutique.
  1065 | D        | Found Oshrumom's Antique Weapon Boutique.
  1066 | D        | Found Wyivoz's Book Boutique.
  1066 | D        | Found Tonamnas's Gadget Shop.
  1066 | D        | Found Zitrim's Antique Armour Boutique.
  1067 | D        | Found Azearr's Jewellery Shop.
  1067 | D        | Found Baasug's Distillery.
  1067 | D        | Noticed a polar bear
  1069 | D        | Noticed a polar bear
  1077 | D        | Found Maxtikk's Antique Armour Boutique.
  1077 | D        | Found Jiriugg's Distillery.
  1077 | D        | Noticed an oklob plant
  1078 | D        | Found Nedoseri's Magic Scroll Shop.
  1078 | D        | Found Hiompo Yhedgh's Book Shoppe.
  1088 | D        | Bought an embroidered robe for 88 gold pieces
  1121 | D        | Bought a scroll of immolation for 49 gold pieces
  1121 | D        | Bought a scroll of amnesia for 49 gold pieces
  1121 | D        | Bought a scroll of fog for 28 gold pieces
  1121 | D        | Bought a scroll of vulnerability for 105 gold pieces
  1121 | D        | Bought a scroll of magic mapping for 49 gold pieces
  1121 | D        | Bought a scroll of enchant armour for 105 gold pieces
  1121 | D        | Bought 3 scrolls of identify for 84 gold pieces
  1121 | D        | Bought a scroll of enchant weapon for 105 gold pieces
  1121 | D        | Bought a scroll of remove curse for 42 gold pieces
  1141 | D        | Bought an uncursed ring of stealth for 245 gold pieces
  1164 | D        | Found a stormy altar of Qazlal.
  1165 | D        | Found a hazy altar of Hepliaklqana.
  1165 | D        | Found a sacrificial altar of Ru.
  1165 | D        | Found an ornate altar of the Wu Jian Council.
  1166 | D        | Found a roughly hewn altar of Beogh.
  1166 | D        | Found a viscous altar of Jiyva.
  1166 | D        | Found a shimmering blue altar of Sif Muna.
  1167 | D        | Found a snail-covered altar of Cheibriados.
  1167 | D        | Found an ancient bone altar of Kikubaaqudgha.
  1167 | D        | Found a shimmering altar of Xom.
  1167 | D        | Found a bloodstained altar of Trog.
  1168 | D        | Found a shadowy altar of Dithmenos.
  1168 | D        | Found a corrupted altar of Lugonu.
  1169 | D        | Found a white marble altar of Elyvilon.
  1169 | D        | Found a burning altar of Makhleb.
  1170 | D        | Found a blossoming altar of Fedhas.
  1172 | D        | Noticed a yaktaur
  1172 | D        | Noticed a hornet
  1172 | D        | Noticed a polar bear
  1173 | D        | Noticed a polar bear
  1173 | D        | Noticed a polar bear
  1174 | D        | Killed a polar bear
  1175 | D        | Killed a polar bear
  1176 | D        | Reached skill level 11 in Dodging
  1176 | D        | Reached skill level 15 in Stealth
  1177 | D        | Killed a hornet
  1178 | D        | Killed a polar bear
  1179 | D        | Reached skill level 12 in Dodging
  1179 | D        | Reached XP level 9. HP: 39/39 MP: 23/25
  1180 | D        | Killed a yaktaur
  1184 | D        | Found an opulent altar of Gozag.
  1185 | D        | Found a glowing golden altar of the Shining One.
  1185 | D        | Found a basalt altar of Yredelemnul.
  1185 | D        | Found a hide-covered altar of Uskayaw.
  1185 | D        | Found a sparkling altar of Nemelex Xobeh.
  1186 | D        | Found a glowing silver altar of Zin.
  1186 | D        | Found a radiant altar of Vehumet.
  1186 | D        | Found an iron altar of Okawaru.
  1194 | D        | Became a worshipper of Dithmenos the Shadowed
  1205 | D        | Noticed an iron elemental
  1208 | D        | Killed an iron elemental
  1209 | D        | Reached skill level 10 in Short Blades
  1209 | D        | Reached skill level 13 in Dodging
  1218 | D        | Noticed a shining eye
  1219 | D        | Noticed a shining eye
  1219 | D        | Noticed a shining eye
  1220 | D        | Killed a shining eye
  1221 | D        | Killed a shining eye
  1221 | D        | Reached * piety under Dithmenos
  1223 | D        | Killed a shining eye
  1224 | D        | Reached XP level 10. HP: 49/49 MP: 26/28
  1230 | D        | Noticed a deep elf master archer
  1239 | D        | Reached skill level 14 in Dodging
  1244 | D        | Reached ** piety under Dithmenos
  1317 | D        | Noticed a death drake
  1318 | D        | Noticed a death drake
  1318 | D        | Noticed a crystal guardian
  1322 | D        | Killed a crystal guardian
  1322 | D        | Reached *** piety under Dithmenos
  1323 | D        | Reached skill level 5 in Fighting
  1323 | D        | Killed a death drake
  1324 | D        | Reached skill level 15 in Dodging
  1325 | D        | Killed a death drake
  1345 | D        | Killed a deep elf master archer
  1345 | D        | Reached **** piety under Dithmenos
  1346 | D        | Reached skill level 16 in Dodging
  1346 | D        | Reached XP level 11. HP: 58/58 MP: 30/30
  1371 | D        | Noticed Menkaure
  1380 | D        | Noticed a kraken
  1888 | D        | Killed Menkaure
  2165 | D        | Noticed an ice dragon
  2165 | D        | Noticed a great orb of eyes
  2166 | D        | Found the +0 mask of the Dragon {Will+ Slay+3 SInv}
  2166 | D        | Noticed an unseen horror
  2166 | D        | Noticed an unseen horror
  2178 | D        | Noticed an electric golem
  2183 | D        | Killed an unseen horror
  2184 | D        | Reached skill level 15 in Spellcasting
  2204 | D        | Killed an unseen horror
  2207 | D        | Reached ***** piety under Dithmenos
  2216 | D        | Reached skill level 17 in Dodging
  2221 | D        | Killed an ice dragon
  2237 | D        | Slain by a great orb of eyes

Illustrated notes

Levels and vault maps discovered:
D:        the_violet_keep_of_menkaure [sprint2_stairs_cluster_1,
          sprint2_shoproom, sprint2_temple, sprint2_basic_supplies,
          sprint2_obstacle_1, sprint2_obstacle_5, sprint2_obstacle_7,
          sprint2_obstacle_4, sprint2_obstacle_6, sprint2_timed_cluster_1,
          sprint2_smallroom_cluster_1, sprint2_smallroom_final_cluster_1,
          sprint2_transparent_cluster_1, sprint2_second_timed_cluster_1,
          sprint2_sniper_area_1, sprint2_heavy_combat_area_1,
          sprint2_mutation_trap_area_1, sprint2_forest_area_1,
          sprint2_light_combat_area_1, sprint2_behind_water_1,
          sprint2_near_end_vault_1]

Skill      XL: |  1  2  3  4  5  6  7  8  9 10 11 |
---------------+----------------------------------+-----
Short Blades   | 2 3 4 6 7 9 10 12 13 | 13.7
Dodging        | 4 5 6 8 10 12 13 16 17 | 17.3
Stealth        | 5 6 7 10 12 13 14 15 | 15.0
Spellcasting   | 4 5 6 7 9 10 11 13 14 15 | 15.7
Hexes          | 4 5 7 8 9 10 11 13 14 | 14.0
Fighting       | 4 6 8 |  8.2

Action                   |  1- 3 |  4- 6 |  7- 9 | 10-12 || total
-------------------------+-------+-------+-------+-------++-------
Melee: Dagger            |    14 |    42 |    14 |    72 ||   142
 Cast: Confusing Touch   |       |     4 |       |     8 ||    12
       Ensorcelled Hiber |       |     3 |     1 |    18 ||    22
       Dazzling Flash    |       |       |       |     3 ||     3
       Tukima's Dance    |       |       |       |     1 ||     1
  Use: Potion            |     1 |     2 |       |     2 ||     5
       Scroll            |     1 |       |       |       ||     1
 Stab: Sleeping          |     1 |     2 |    12 |    15 ||    30
       Confused          |       |     5 |       |     5 ||    10
Dodge: Dodged            |     7 |    24 |     1 |    79 ||   111
